 Dungeon Crawl Stone Soup version 0.20.0-8-g6b59dc7 (webtiles) character file.

1507 straycat the Sneak (level 8, -9/62 HPs)
             Began as a Vampire Gladiator on June 1, 2017.
             Was a Follower of Yredelemnul.
             Mangled by an orc warrior
             ... wielding a +0 battleaxe
              (14 damage)
             ... on level 5 of the Dungeon.
             The game lasted 00:33:45 (7982 turns).

straycat the Sneak (Vampire Gladiator)              Turns: 7982, Time: 00:33:46

Health: -9/62      AC:  9    Str: 18    XL:     8   Next: 52%
Magic:  8/8        EV: 15    Int: 11    God:    Yredelemnul [*.....]
Gold:   281        SH:  5    Dex: 17    Spells: 7/7 levels left

rFire    . . .     SeeInvis +   D - +2 falchion (protect)
rCold    + . .     Gourm    .   H - +0 buckler
rNeg     + . .     Faith    .   C - +2 ring mail {rC+}
rPois    .         Spirit   .   m - +0 helmet
rElec    .         Reflect  .   G - +0 cloak
rCorr    .         Harm     .   (no gloves)
MR       .....                  (no boots)
Stlth    +++.......             (no amulet)
Regen    0.2/turn               (no ring)
MPRegen  0.2/turn               (no ring)

@: mighty
A: fangs 3, see invisible, unbreathing
a: Bat Form, Animate Remains, Renounce Religion


You were on level 5 of the Dungeon.
You worshipped Yredelemnul.
Yredelemnul was aware of your devotion.
You were not thirsty.

You visited 1 branch of the dungeon, and saw 6 of its levels.

You collected 281 gold pieces.

Inventory:

Hand Weapons
 a - a +0 rapier
 c - a +0 trident
 l - a cursed -1 halberd
 n - a +0 dagger of speed
 o - a +0 hunting sling
 y - a +0 flail of crushing
 D - a +2 falchion of protection (weapon)
 F - a +3 quarterstaff of chaos
Missiles
 d - 5 throwing nets
 i - 68 arrows
 p - 55 sling bullets
 q - 101 stones (quivered)
 w - 7 curare-tipped needles
 B - 9 tomahawks
Armour
 b - a +0 leather armour
 m - a +0 helmet (worn)
 C - a +2 ring mail of cold resistance (worn)
 G - a +0 cloak (worn)
 H - a +0 buckler (worn)
Wands
 E - a wand of flame (13/48)
Scrolls
 k - a scroll of remove curse
 s - 2 scrolls of identify
 t - 2 scrolls of blinking
 u - 2 scrolls of teleportation
 v - a scroll of amnesia
Potions
 e - 15 potions of blood
 f - 3 potions of lignification
 g - a potion of might
 j - 2 potions of curing
 x - a potion of resistance
 z - 2 potions of invisibility {unknown}
Books
 A - a book of Flames

   Spells                             Type                      Level
   a - Flame Tongue                   Conjuration/Fire             1
   b - Throw Flame                    Conjuration/Fire             2
   c - Conjure Flame                  Conjuration/Fire             3
   d - Inner Flame                    Hexes/Fire                   3
   e - Sticky Flame                   Conjuration/Fire             4
   f - Fireball                       Conjuration/Fire             5


   Skills:
 * Level 5.1 Fighting
 + Level 6.2 Short Blades
 - Level 1.5 Throwing
 * Level 6.8 Dodging
 + Level 6.9 Stealth
 * Level 3.0 Shields


You had 7 spell levels left.
You didn't know any spells.

Dungeon Overview and Level Annotations

Branches:
Dungeon (6/15)
 Temple: D:4-7

Altars:
Hepliaklqana
Kikubaaqudgha
Qazlal
Yredelemnul
Zin

Shops:
D:4 :

Annotations:
D:5 zkyp's ghost, novice HuCK


Innate Abilities, Weirdness & Mutations

You have razor-sharp teeth.
You have supernaturally acute eyesight. (SInv)
You can survive without breathing.


Message History

You bite the orc warrior, but do no damage.
The orc warrior is lightly wounded.
The orc warrior hits you with a battleaxe!
* * * LOW HITPOINT WARNING * * *
You feel better.
You feel very mighty all of a sudden.
The orc warrior hits you with a battleaxe!
* * * LOW HITPOINT WARNING * * *
You hit the orc warrior but do no damage.
You bite the orc warrior, but do no damage.
The orc warrior is lightly wounded.
The orc warrior hits you with a battleaxe!
* * * LOW HITPOINT WARNING * * *
You see here a giant club.
An iguana comes into view.
The iguana moves out of view.
An ogre comes into view. It is wielding a giant club.
The orc warrior hits you with a battleaxe!
You die...
Yredelemnul claims you as an undead slave.

###........#
#######.#.....#
....#..W...#####
##'#######
....'..........#
#...#
....#........#'####
#...#
....#......O......#
#...#
#####.............#
#...#
#....##.........#
##'##
#...............#
#.#
#.............@.#
#.#
#.........##..o.#
#.#
#.........##....#
#.#
####......#####.##
#.### ######## #..#
#...# ##.# #...#
#.###...# #).##...#
##.##...#


You could see an orc warrior and an ogre (wandering).

Vanquished Creatures
  Edmund (D:5)
  A phantom (D:5)
  A black bear (D:6)
  An ogre (D:5)
  A gnoll sergeant (D:5)
  2 bullfrogs
  A wyvern skeleton (D:4)
  2 scorpions
  3 howler monkeys
  3 crimson imps
  A centaur skeleton (D:4)
  Crazy Yiuf (D:5)
  2 hounds (D:6)
  An orc wizard (D:6)
  An iguana (D:4)
  A worker ant (D:4)
  A hound zombie (D:6)
  Robin (D:2)
  16 gnolls
  A worker ant zombie (D:5)
  8 adders
  A shadow imp (D:5)
  An adder skeleton (D:4)
  2 dart slugs (D:1)
  2 leopard geckos
  7 orcs
  4 ball pythons
  7 bats
  8 giant cockroaches
  18 goblins
  4 hobgoblins
  3 jackals
  2 quokkas (D:3)
  5 frilled lizards
  4 kobolds (D:1)
  5 rats
123 creatures vanquished.

Notes
Turn   | Place    | Note
-------+----------+-------------------------------------------
     0 | D:1      | straycat the Vampire Gladiator began the quest for the Orb.
     0 | D:1      | Reached XP level 1. HP: 16/16 MP: 1/1
   270 | D:1      | Reached XP level 2. HP: 22/22 MP: 2/2
   482 | D:1      | Reached skill level 1 in Stealth
   689 | D:1      | Reached XP level 3. HP: 27/27 MP: 3/3
  1072 | D:2      | Noticed Robin
  1113 | D:2      | Killed Robin
  1113 | D:2      | Reached XP level 4. HP: 16/34 MP: 4/4
  1158 | D:2      | Found an ancient bone altar of Kikubaaqudgha.
  1286 | D:2      | Found a glowing silver altar of Zin.
  1360 | D:2      | Found a stormy altar of Qazlal.
  1425 | D:2      | Found a basalt altar of Yredelemnul.
  1457 | D:2      | Became a worshipper of Yredelemnul the Dark
  2841 | D:4      | Reached XP level 5. HP: 19/40 MP: 5/5
  3235 | D:4      | Found a hazy altar of Hepliaklqana.
  3915 | D:4      | Reached XP level 6. HP: 7/47 MP: 6/6
  4209 | D:4      | Reached skill level 5 in Dodging
  4427 | D:4      | Reached skill level 5 in Short Blades
  4549 | D:5      | Entered Level 5 of the Dungeon
  4549 | D:5      | Noticed zkyp's ghost (novice HuCK)
  4564 | D:5      | Noticed Edmund
  4601 | D:5      | Killed Edmund
  4601 | D:5      | Reached skill level 5 in Stealth
  4856 | D:5      | Reached XP level 7. HP: 37/53 MP: 7/7
  5312 | D:5      | Found a runed door.
  5577 | D:5      | Noticed Crazy Yiuf
  5597 | D:5      | Killed Crazy Yiuf
  5878 | D:4      | Reached skill level 1 in Shields
  5990 | D:4      | Found Zashriy's Book Shoppe.
  6639 | D:5      | Reached * piety under Yredelemnul
  6639 | D:5      | Reached XP level 8. HP: 34/61 MP: 8/8
  7461 | D:6      | Reached skill level 5 in Fighting
  7965 | D:5      | HP: 2/62 [orc warrior/battleaxe (9)]
  7982 | D:5      | Mangled by an orc warrior

Skill      XL: |  1  2  3  4  5  6  7  8 |
---------------+-------------------------+-----
Fighting       | 2 3 4 5 |  5.1
Stealth        | 1 2 3 4 5 6 |  6.9
Dodging        | 4 5 6 |  6.8
Short Blades   | 4 5 6 |  6.2
Shields        | 2 3 |  3.0
Throwing       | |  1.5

Action                   |  1- 3 |  4- 6 |  7- 9 || total
-------------------------+-------+-------+-------++-------
Melee: Rapier            |    91 |   123 |    55 ||   269
       Bite              |    17 |    25 |    50 ||    92
       Dagger            |    45 |   102 |    86 ||   233
       Trident           |       |    11 |    17 ||    28
       Falchion          |       |       |   250 ||   250
 Abil: End Transformatio |       |     3 |     2 ||     5
       Bat Form          |       |     3 |     2 ||     5
  Use: Potion            |       |     9 |    20 ||    29
       Scroll            |       |    10 |     1 ||    11
 Stab: Distracted        |     1 |       |     1 ||     2
       Sleeping          |     1 |     7 |     7 ||    15
Armor: Leather armour    |    38 |    21 |       ||    59
       Ring mail         |       |    14 |   158 ||   172
Dodge: Dodged            |    91 |   104 |   240 ||   435
Block: Buckler           |       |    17 |    70 ||    87
       Rpst.: Falchion   |       |       |    54 ||    54
